 Dungeon Crawl Stone Soup version 0.21.1-1-g345015f (webtiles) character file.

37 inc the Magician (level 3, 0/14 HPs)
             Began as a Felid Wizard on Feb 27, 2018.
             Was an Initiate of Sif Muna.
             Killed from afar by a dart slug (4 damage)
             ... with a slug dart
             ... on level 2 of the Dungeon.
             The game lasted 00:02:19 (1596 turns).

inc the Magician (Felid Wizard)                     Turns: 1596, Time: 00:02:21

Health: 0/14       AC:  1    Str:  3    XL:     3   Next: 23%
Magic:  5/8        EV: 17    Int: 20    God:    Sif Muna [......]
Gold:   20         SH:  0    Dex: 14    Spells: 5/8 levels left
                                        Lives:  0   Deaths: 0

rFire    . . .     SeeInvis +   (weapon unavailable)
rCold    . . .     Gourm    .   (shield unavailable)
rNeg     . . .     Faith    .   (armour unavailable)
rPois    .         Spirit   .   (helmet unavailable)
rElec    .         Reflect  .   (cloak unavailable)
rCorr    .         Harm     .   (gloves unavailable)
MR       .....                  (boots unavailable)
Stlth    +++.......             (no amulet)
HPRegen  0.04/turn              (no ring)
MPRegen  0.11/turn              (no ring)

@: quick
A: very small, no armour, no weapons or thrown items, stealth, claws 1, fangs 3,
see invisible, carnivore, speed 1, shaggy fur 1, slow metabolism 1, sharp paws
a: Renounce Religion


You were on level 2 of the Dungeon.
You worshipped Sif Muna.
Sif Muna was noncommittal.
You were not hungry.

You visited 1 branch of the dungeon, and saw 2 of its levels.

You collected 20 gold pieces.

Inventory:

Scrolls
 c - a scroll of amnesia {unknown}
 d - 2 scrolls of teleportation {unknown}
 e - a scroll of remove curse {unknown}
 f - a scroll of fog {unknown}
 g - a scroll of blinking {unknown}
Potions
 h - 2 potions of might {unknown}
Books
 a - a book of Minor Magic

   Spells                             Type                      Level
   a - Magic Dart                     Conjuration                  1
   b - Blink                          Translocation                2
   c - Call Imp                       Summoning                    2
   d - Slow                           Hexes                        2
   e - Conjure Flame                  Conjuration/Fire             3
   f - Mephitic Cloud                 Conjuration/Poison/Air       3
Comestibles
 b - a ration


   Skills:
 - Level 2.6 Dodging
 - Level 2.6 Stealth
 - Level 3.0 Spellcasting
 + Level 2.9 Conjurations
 - Level 1.0 Summonings
   Level 1.5 Translocations


You had 5 spell levels left.
You knew the following spells:

 Your Spells              Type           Power        Failure   Level  Hunger
a - Magic Dart            Conj           ##..         4%          1    None
b - Call Imp              Summ           #.......     14%         2    ##.....


Dungeon Overview and Level Annotations

Branches:
Dungeon (2/15)

Altars:
Sif Muna

Annotations:
D:2 Robin


Innate Abilities, Weirdness & Mutations

You cannot wear armour.
You are incapable of wielding weapons or throwing items.
Your paws allow you to move quietly. (Stealth)
You have sharp claws.
You have razor-sharp teeth.
You have supernaturally acute eyesight. (SInv)
You are carnivorous and can eat meat at any time.
You cover ground quickly.
You are covered in fur. (AC +1)
You have a slow metabolism.
Your sharp claws are effective at attacking unaware monsters.


Message History

Casting: Magic Dart
Confirm with . or Enter, or press ? or * to list all spells.
Aiming: Magic Dart
Press: ? - help, Shift-Dir - straight line, f/p - dart slug
Aim: a dart slug (heavily wounded)
The magic dart hits the dart slug.
The dart slug is almost dead.
The dart slug launches a dart at you. The slug dart hits you!
Ouch! That really hurt!
There is an open door here. 2 goblins come into view.
The goblin moves out of view.
A quokka, a goblin and Robin come into view.
The kobold hits you.
* * * LOW HITPOINT WARNING * * *
Robin throws the goblin at you! The dart slug launches a dart at you.
The slug dart hits you!
You die...

..........###
............##
.?.###w###..# ..### #.#
#..### #.#.. #'###....#
#... +_###.##.####.#
#'###.##.##...### #.#
#.##....#.... #@#
#.###.....##
#....gK....# #.#....#
g.r......>#####.#.#..###
##g.g.............#(...#
#.............)####.#..
#........####### #)##(
g.........# #.###
##......... #.# # #.###


You could see Robin, a dart slug, a quokka (wandering), 4 goblins and a kobold.

Vanquished Creatures
  An ooze (D:1)
  A dart slug (D:1)
  A giant cockroach (D:2)
  8 goblins
  3 hobgoblins
  2 jackals (D:1)
  4 kobolds (D:1)
  3 bats (D:1)
  2 frilled lizards (D:1)
  4 rats (D:1)
29 creatures vanquished.

Notes
Turn   | Place    | Note
-------+----------+-------------------------------------------
     0 | D:1      | inc the Felid Wizard began the quest for the Orb.
     0 | D:1      | Reached XP level 1. HP: 7/7 MP: 5/5
    13 | D:1      | Reached skill level 1 in Conjurations
   131 | D:1      | Reached XP level 2. HP: 11/11 MP: 0/7
  1256 | D:1      | Reached XP level 3. HP: 14/14 MP: 5/8
  1305 | D:1      | Learned a level 2 spell: Call Imp
  1577 | D:2      | Found a deep blue altar of Sif Muna.
  1589 | D:2      | Became a worshipper of Sif Muna the Loreminder
  1596 | D:2      | Noticed Robin
  1596 | D:2      | Killed from afar by a dart slug

Skill      XL: |  1  2 |
---------------+-------+-----
Conjurations   | 1 2 |  2.9
Dodging        | |  2.6
Stealth        | |  2.6
Spellcasting   | |  3.0
Summonings     | |  1.0
Translocations | |  1.5

Action                   || total
-------------------------++-------
Melee: Unarmed           ||     3
 Cast: Magic Dart        ||    72
Armor: Skin              ||     4
Dodge: Dodged            ||    38
